 Dungeon Crawl Stone Soup version 0.31-a0-986-g5e6e4ef867 (webtiles) character file.

Game seed: 8150732187999169597

592 Cobbler the Ruffian (level 7, -7/61 HPs)
             Began as a Hill Orc Monk on Nov 19, 2023.
             Was an Initiate of Wu Jian.
             Mangled by an orc
             ... wielding a +0 flail
              (8 damage)
             ... on level 5 of the Dungeon on Nov 22, 2023.
             The game lasted 00:50:58 (4293 turns).

Cobbler the Ruffian (Hill Orc Monk)                 Turns: 4293, Time: 00:50:58

Health: -7/61      AC:  9    Str: 22    XL:     7   Next: 39%
Magic:  7/7        EV:  9    Int: 10    God:    Wu Jian [......]
Gold:   185        SH:  0    Dex: 13    Spells: 6/6 levels left

rFire   . .          .
                       - Unarmed
rCold   . . .        g - orb {light}
rNeg    . . .        d - +0 chain mail
rPois   .            (no helmet)
rElec   .            (no cloak)
rCorr   .            (no gloves)
SInv    .            (no boots)
Will    .....        (no amulet) Stlth
                     e - +6 ring of strength
HPRegen 0.30/turn    (no ring)
MPRegen 0.10/turn

%: no passive effects
@: about to teleport, glowing
A: no fire magic, no hexes magic, no translocations magic
a: Renounce Religion, Convert to Beogh


You were on level 5 of the Dungeon.
You worshipped Wu Jian.
Wu Jian was noncommittal.
You visited 1 branch of the dungeon, and saw 5 of its levels.

You collected 185 gold pieces.

Inventory:

Hand Weapons
 b - a +0 scythe
 r - a +0 giant club
 s - a +1 vampiric dagger
 t - a +2 spear of pain
Missiles
 c - 45 stones
 v - 5 boomerangs
 D - 6 poisoned darts (quivered)
Armour
 a - a +0 hat
 d - a +0 chain mail (worn)
 g - an orb of light (worn)
 m - a +0 leather armour
 o - a +0 robe
 y - a +0 scale mail
Magical Staves
 k - a staff of poison
Jewellery
 e - a +6 ring of strength (left hand)
 i - a ring of flight
Wands
 f - a wand of polymorph (6)
Scrolls
 h - a scroll of fog
 p - 2 scrolls of identify
 C - a scroll of butterflies {unknown}
Potions
 l - 2 potions of might {unknown}
 n - 2 potions of heal wounds {unknown}
 q - 2 potions of mutation {unknown}
 z - 2 potions of ambrosia
 B - a potion of curing {unknown}


   Skills:
 + Level 5.0 Fighting
 + Level 2.6 Short Blades
 + Level 4.1 Armour
 + Level 3.2 Dodging
 + Level 0.8 Stealth
 + Level 5.5 Unarmed Combat
 + Level 0.1 Evocations


You had 6 spell levels left.
You didn't know any spells.
Your spell library contained the following spells:

 Spells                   Type           Power      Damage    Failure   Level
 Sublimation of Blood     Necr           0%         N/A       98%         2
 Wereblood                Tmut           0%         N/A       98%         2
 Alistair's Intoxication  Tmut/Pois      0%         N/A       100%        5
 Summon Cactus Giant      Summ           0%         N/A       100%        6
 Summon Hydra             Summ           0%         N/A       100%        7
 Apportation              Tloc           Unusable   N/A       N/A         1
 Blink                    Tloc           Unusable   N/A       N/A         2
 Jinxbite                 Hex            Unusable   N/A       N/A         2
 Lesser Beckoning         Tloc           Unusable   N/A       N/A         2
 Momentum Strike          Conj/Tloc      Unusable   3d8       N/A         2
 Scorch                   Fire           Unusable   2d5       N/A         2
 Flame Wave               Conj/Fire      Unusable   2d4       N/A         4

Dungeon Overview and Level Annotations

Branches:
Dungeon (5/15)
 Temple: D:4-7

Altars:
Gozag
Kikubaaqudgha
Ru
Sif Muna
Trog
Vehumet
Wu Jian
Xom
Yredelemnul
The Shining One


Innate Abilities, Weirdness & Mutations

You cannot study or cast Fire magic.
You cannot study or cast Hexes magic.
You cannot study or cast Translocations magic.


Message History

An orc comes into view. It is wielding a +0 spear.
The orc shouts!
You hear a shout! x2
The orc hits you from afar with a +0 spear.
The orc barely misses you. The orc hits you but does no damage.
An orc comes into view. It is wielding a +0 flail.
The orc shouts!
You hear a shout! x2
The orc barely misses you.
An orc comes into view. It is wielding a +0 flail.
You hear a shout!
The orc hits you but does no damage.
An orc priest comes into view. It is wielding a +0 club.
The orc closely misses you. The orc closely misses you.
An orc comes into view. It is wielding a +0 great sword.
The orc barely misses you. The orc closely misses you.
The orc barely misses you.
The orc hits you from afar with a +0 spear.
The orc hits you but does no damage.
The orc priest begins to cast a cantrip, but forgets the words!
The orc hits you with a +0 great sword!
* * * LOW HITPOINT WARNING * * *
The orc priest shouts, "Beogh is our master!
Accept the truth or die!" (press Y on the ability menu to convert to Beogh)
As you read the scroll of teleportation, it crumbles to dust.
You feel strangely unstable. The orc closely misses you.
The orc hits you from afar with a +0 spear.
* * * LOW HITPOINT WARNING * * *
The orc completely misses you.
The orc priest calls down the wrath of Beogh upon you.
Beogh smites you!
* * * LOW HITPOINT WARNING * * *
You hit the orc.
The orc is lightly wounded.
The orc hits you but does no damage. The orc barely misses you. x2
You punch the orc!
You kill the orc!
The Council accepts your kill. The orc closely misses you.
The orc hits you with a +0 flail!
You die...

.. #♣ #.. #.##.. #.#
#.... ♣♣ #.#
#..Z♣♣♣♣♣.♣♣ #.# #
♣.♣♣....♣.♣ #.. ###.
♣...._...♣♣##.# #...<
#♣.♣♣...♣...#..#
#>...o###.♣.♣♣♣♣♣..♣..##
#....oo@).♣♣.. ♣.♣♣..##
#....o##### ♣.♣.♣...##
....# ♣.♣...## #.#
###### #


You could see an orc priest and 3 orcs.

Vanquished Creatures
  Sigmund (D:4)
  An ogre (D:5)
  A water moccasin zombie (D:5)
  A hound (D:5)
  An iguana (D:4)
  An orc wizard (D:4)
  3 scorpion zombies (D:5)
  A killer bee zombie (D:5)
  3 adders
  A gnoll (D:1)
  A worm (D:2)
  A dart slug (D:1)
  3 orcs
  10 endoplasms
  3 giant cockroaches
  7 hobgoblins
  6 jackals
  A quokka (D:1)
  8 ball pythons
  12 bats
  2 frilled lizards
  6 goblins
  6 kobolds
  3 rats
83 creatures vanquished.

Vanquished Creatures (others)
  A ball python (D:4)
1 creature vanquished.

Grand Total: 84 creatures vanquished

Notes
Turn   | Place    | Note
-------+----------+-------------------------------------------
     0 | D:1      | Cobbler the Hill Orc Monk began the quest for the Orb.
     0 | D:1      | Reached XP level 1. HP: 19/19 MP: 1/1
   195 | D:1      | Reached XP level 2. HP: 21/27 MP: 2/2
   408 | D:1      | Reached XP level 3. HP: 33/33 MP: 3/3
  1485 | D:2      | Reached XP level 4. HP: 35/40 MP: 4/4
  1538 | D:2      | Reached skill level 1 in Armour
  1962 | D:3      | Found a shimmering altar of Xom.
  1962 | D:3      | Found an opulent altar of Gozag.
  1962 | D:3      | Found a shimmering blue altar of Sif Muna.
  1962 | D:3      | Found a sacrificial altar of Ru.
  1983 | D:3      | Found a radiant altar of Vehumet.
  1988 | D:3      | Found a bloodstained altar of Trog.
  2081 | D:3      | Became a worshipper of Ru the Awakened
  2232 | D:3      | Found an ornate altar of the Wu Jian Council.
  2463 | D:3      | Found an ancient bone altar of Kikubaaqudgha.
  2473 | D:3      | Found a glowing golden altar of the Shining One.
  2583 | D:4      | Gained mutation: You cannot study or cast Fire magic. [Ru
                  | sacrifice]
  2583 | D:4      | Gained mutation: You cannot study or cast Hexes magic. [Ru
                  | sacrifice]
  2583 | D:4      | Gained mutation: You cannot study or cast Translocations
                  | magic. [Ru sacrifice]
  2583 | D:4      | Reached * piety under Ru
  2771 | D:4      | Reached skill level 1 in Short Blades
  2771 | D:4      | Reached XP level 5. HP: 34/47 MP: 5/5
  2794 | D:4      | Noticed Sigmund
  2823 | D:4      | Killed Sigmund
  2824 | D:4      | Reached XP level 6. HP: 8/55 MP: 6/6
  3275 | D:3      | Fell from the grace of Ru
  3275 | D:3      | Became a worshipper of the Wu Jian Council
  3918 | D:5      | Entered Level 5 of the Dungeon
  3949 | D:5      | Reached skill level 5 in Unarmed Combat
  4187 | D:5      | Found a basalt altar of Yredelemnul.
  4196 | D:5      | Reached XP level 7. HP: 50/60 MP: 7/7
  4245 | D:5      | Reached skill level 5 in Fighting
  4291 | D:5      | HP: 1/61 [orc priest/divine providence (13)]
  4293 | D:5      | Mangled by an orc

Illustrated notes

Levels and vault maps discovered:
D:1:      roderic_dead_forest, layout_loops_ring, minmay_tromino_v2
D:2:      layout_basic
D:3:      layout_rooms, nicolae_overflow_hidden_temple,
          minmay_overflow_temple_hex, grunt_temple_overflow_open
D:4:      layout_basic, kennysheep_generic_room_9, uniq_sigmund
D:5:      wad_river_or_something, layout_loops_corners,
          mainiacjoe_overflow_cross_hatched, nicolae_yredelemnul_corpse_copse,
          uniq_prince_ribbit1

Skill      XL: |  1  2  3  4  5  6  7 |
---------------+----------------------+-----
Fighting       | 4 5 |  5.0
Unarmed Combat | 4 5 |  5.5
Armour         | 1 2 3 4 |  4.1
Short Blades   | 1 2 |  2.6
Dodging        | 3 |  3.2
Stealth        | |  0.8
Evocations     | |  0.1

Action                     |  1- 3 |  4- 6 |  7- 9 || total
---------------------------+-------+-------+-------++-------
  Melee: Unarmed           |    66 |    73 |    40 ||   179
         Dagger            |    47 |    71 |       ||   118
 Invoke: Sacrifice Arcana  |       |     1 |       ||     1
Ability: Lunge             |       |     1 |     1 ||     2
  Evoke: Wand              |       |     1 |       ||     1
    Use: Scroll            |     1 |     2 |     1 ||     4
         Potion            |     1 |       |       ||     1
 Armour: Chain mail        |    62 |   120 |    41 ||   223
         Robe              |     3 |       |       ||     3
  Dodge: Dodged            |    33 |    76 |    25 ||   134

Table legend: (Time is in decaauts)
 A = Elapsed time spent in this place.
 B = Non-inter-level travel time spent in this place.
 C = Inter-level travel time spent in this place.
 D = Time resting spent in this place.
 E = Time spent auto-exploring this place.
 F = Levels seen in this place.
 G = Mean time per level.
                   A        B        C        D        E       F      G
               +--------+--------+--------+--------+--------+-----+--------+
         Total |   4276 |   1248 |   3028 |    200 |    172 |   5 |  855.2 |
       Dungeon |   4276 |   1248 |   3028 |    200 |    172 |   5 |  855.2 |
               +--------+--------+--------+--------+--------+-----+--------+

Top non-repeatable levels by time:
     D:4: 1285 daAuts
     D:2: 1157 daAuts
     D:1: 769 daAuts
     D:3: 694 daAuts
     D:5: 369 daAuts
